 Dungeon Crawl Stone Soup version 0.28.0-43-g3370ac3207 (webtiles) character file.

Game seed: 2637939702027824640

2 cbfl8 the Sneak (level 1, -2/19 HPs)
             Began as a Minotaur Delver on Mar 1, 2022.
             Slain by a black bear (3 damage)
             ... on level 5 of the Dungeon.
             The game lasted 00:00:15 (63 turns).

cbfl8 the Sneak (Minotaur Delver)                     Turns: 63, Time: 00:00:16

Health: -2/19      AC:  3    Str: 16    XL:     1   Next: 33%
Magic:  0/0        EV: 11    Int:  7    God:
Gold:   11         SH:  0    Dex: 11    Spells: 0/0 levels left

rFire   . . .      SeeInvis .   a - +0 hand axe
rCold   . . .      Faith    .   (no shield)
rNeg    . . .      Spirit   .   b - +0 leather armour
rPois   .          Reflect  .   (helmet restricted)
rElec   .          Harm     .   (no cloak)
rCorr   .          Rampage  .   (no gloves)
Will    .....                   (no boots)
Stlth   ++........              (no amulet)
HPRegen 0.06/turn               (no ring)
MPRegen 0.07/turn               (no ring)

@: no status effects
A: horns 2, retaliatory headbutt
a: no special abilities


You were on level 5 of the Dungeon.
You visited 1 branch of the dungeon, and saw 2 of its levels.

You collected 11 gold pieces.

Inventory:

Hand Weapons
 a - a +0 hand axe (weapon)
Armour
 b - a +0 leather armour (worn)
Wands
 g - a wand of digging (3)
Scrolls
 c - a scroll of fog
 d - a scroll of magic mapping
 e - a scroll of fear
 h - a scroll of teleportation {unknown}
Potions
 f - a potion of haste


   Skills:
 + Level 3.6 Fighting
 + Level 2.4 Axes
 + Level 2.1 Dodging
 + Level 4.2 Stealth


You couldn't memorise any spells.
You didn't know any spells.
Your spell library was empty.

Dungeon Overview and Level Annotations

Branches:
Dungeon (5/15)
 Temple: D:4-7

Altars:


Innate Abilities, Weirdness & Mutations

You have a pair of horns on your head.
You reflexively headbutt those who attack you in melee.


Message History

There is a stone staircase leading up here.
Found a scroll labelled SEDORCH NAAGEATYFENK.
A dart slug comes into view.
Found a stone staircase leading up.
The dart slug launches a dart at you. The slug dart hits you.
Found an escape hatch in the ceiling.
You see here 11 gold pieces.
You see here a scroll labelled SEDORCH NAAGEATYFENK.
h - a scroll labelled SEDORCH NAAGEATYFENK You see here 11 gold pieces.
You now have 11 gold pieces.
The dart slug launches a dart at you. The slug dart hits you.
You hit the dart slug but do no damage. You headbutt the dart slug.
The dart slug is moderately wounded.
You hit the dart slug.
The dart slug is heavily wounded.
The dart slug bites you but does no damage.
You hit the dart slug but do no damage.
The dart slug is heavily wounded.
The dart slug closely misses you.
You barely miss the dart slug.
The dart slug is heavily wounded.
The dart slug bites you but does no damage.
You hit the dart slug. You headbutt the dart slug.
The dart slug is almost dead.
The dart slug bites you.
You hit the dart slug.
You kill the dart slug!
A black bear comes into view.
The black bear growls angrily.
The black bear bites you. The black bear barely misses you.
The black bear claws you. The black bear bites you.
* * * LOW HITPOINT WARNING * * *
The black bear claws you.
* * * LOW HITPOINT WARNING * * *
The black bear claws you.
You die...

........#........#.#
...<.....#..........#
.........#.........##
....................#.#
............####.#..#.#
......<..........<..#.#
....................#.#
........h......##...#.#
.......@.......##...#.#
...............##...#.#
..................#...#
#......##...#######...#
#...... ..... #......#
.....#. ......#.###..##
..####. ......# #..>.#
.. .. ............#.#
......##.#


You could see a black bear.

Vanquished Creatures
  A dart slug (D:5)
1 creature vanquished.

Notes
Turn   | Place    | Note
-------+----------+-------------------------------------------
     0 | D:5      | cbfl8 the Minotaur Delver began the quest for the Orb.
     0 | D:5      | Reached XP level 1. HP: 19/19 MP: 0/0
    16 | D:4      | Noticed a hound
    56 | D:5      | Noticed a black bear
    63 | D:5      | Slain by a black bear

Illustrated notes

Levels and vault maps discovered:
D:4:      layout_rooms, zin_purify, chequers_temple_overflow_statue_of_worship,
          mainiacjoe_overflow_brackets, minmay_temple_entry_gardened_gates,
          serial_shops, nicolae_square_shop, uniq_crazy_yiuf_cottage
D:5:      layout_basic, minmay_misc_feat_room

Action                   || total
-------------------------++-------
Melee: Hand axe          ||     6
       Headbutt          ||     2
Armor: Leather armour    ||     2
Dodge: Dodged            ||     2
